General information
			
			
        
        - name: BNet
 
        - type: Ladder team game (AT/RT)
 
        - host: Battle.net
 
        - saver: Cultist
 
        
map: TwilightRuins 
        - players: 8
 
        - length: 24:48
 
        - speed: Fast
 - version: 1.28 W3XP
 - replay type:  Public
 
» download(198 KB)
Players
        team 1 (winner) 
              
              
» 
ZuAltfuerWC3 (
green | 68 APM | 1693 actions | 24:48)
              
 7 Death Knight 
 3 Death Coil
 3 Unholy Aura
 1 Death Pact
 
                » actions 
                
                | Assign group hotkey | 35 |  | 
| Build / train | 75 |  | 
| Enter build submenu | 21 |  | 
| Enter hero's abilities submenu | 7 |  | 
| Remove unit from queue | 2 |  | 
| Right click | 738 |  | 
| Select / deselect | 272 |  | 
| Select group hotkey | 477 |  | 
| Use ability | 66 |  | 
                1693 total
 » units 
                
                | Acolyte | 13 |  | 
| Ghoul | 3 |  | 
| Crypt Fiend | 17 |  | 
| Abomination | 5 |  | 
                38 total
 » upgrades
                
                | Creature Attack | 2 |  | 
| Burrow | 1 |  | 
| Web | 1 |  | 
| Unholy Armor | 1 |  | 
| Unholy Strength | 1 |  | 
                6 total
 » buildings
                
                | Crypt | 3 |  | 
| Ziggurat | 8 |  | 
| Graveyard | 1 |  | 
| Altar of Darkness | 1 |  | 
| Tomb of Relics | 1 |  | 
| Nerubian Tower | 2 |  | 
| Spirit Tower | 4 |  | 
| Halls of the Dead | 1 |  | 
| Black Citadel | 1 |  | 
| Slaughterhouse | 2 |  | 
                24 total
 » build order
                00:08 Crypt
00:10 Ziggurat
00:35 Graveyard
00:55 Altar of Darkness
01:15 Ziggurat
01:55 Tomb of Relics
02:05 Nerubian Tower
02:43 Ziggurat
04:28 Ziggurat
05:28 Spirit Tower
05:39 Nerubian Tower
06:11 Halls of the Dead
06:28 Crypt
06:32 Crypt
07:58 Ziggurat
10:22 Ziggurat
10:23 Ziggurat
10:24 Ziggurat
11:18 Spirit Tower
11:29 Spirit Tower
12:03 Spirit Tower
13:52 Black Citadel
16:00 Slaughterhouse
16:06 Slaughterhouse
» items
                
                | Rod of Necromancy | 1 |  | 
| Sacrificial Skull | 1 |  | 
| Scroll of Town Portal | 6 |  | 
| Potion of Healing | 3 |  | 
| Lesser Clarity Potion | 1 |  | 
| Orb of Venom | 1 |  | 
                13 total
  
               
              
              
Sher1ockHolmes (
orange | 57 APM | 1417 actions | 24:48)
              
 6 Paladin 
 3 Holy Light
 1 Divine Shield
 1 Devotion Aura
 1 Resurrection
 4 Mountain King 
 2 Storm Bolt
 2 Bash
 
                » actions 
                
                | Assign group hotkey | 34 |  | 
| Basic commands | 76 |  | 
| Build / train | 64 |  | 
| Enter build submenu | 13 |  | 
| Enter hero's abilities submenu | 10 |  | 
| Give item / drop item | 1 |  | 
| Right click | 304 |  | 
| Select / deselect | 318 |  | 
| Select group hotkey | 523 |  | 
| Use ability | 74 |  | 
                1417 total
 » units 
                » upgrades
                
                | Gunpowder | 3 |  | 
| Armor | 3 |  | 
| Long Rifles | 1 |  | 
                7 total
 » buildings
                
                | Lumber Mill | 1 |  | 
| Farm | 8 |  | 
| Blacksmith | 1 |  | 
| Barracks | 1 |  | 
| Scout Tower | 1 |  | 
| Arcane Tower | 1 |  | 
| Altar of Kings | 1 |  | 
| Arcane Vault | 1 |  | 
| Keep | 1 |  | 
| Castle | 1 |  | 
                17 total
 » build order
                00:22 Lumber Mill
00:36 Farm
00:50 Blacksmith
01:05 Barracks
01:33 Scout Tower
02:00 Arcane Tower
02:02 Farm
02:05 Altar of Kings
02:34 Farm
02:37 Farm
03:18 Farm
03:54 Farm
04:34 Farm
05:51 Farm
06:31 Arcane Vault
07:10 Keep
09:32 Castle
» items
                
                | Scroll of Town Portal | 3 |  | 
| Lesser Clarity Potion | 4 |  | 
| Scroll of Regeneration | 4 |  | 
| Potion of Mana | 1 |  | 
| Potion of Healing | 2 |  | 
                14 total
  
               
              
              
shakira (
yellow | 110 APM | 2741 actions | 24:48)
              
 6 Priestess of the Moon 
 3 Trueshot Aura
 1 Scout
 2 Searing Arrows
 3 Keeper of the Grove 
 1 Entangling Roots
 2 Thorns Aura
 
                » actions 
                
                | Assign group hotkey | 22 |  | 
| Build / train | 102 |  | 
| Enter build submenu | 33 |  | 
| Enter hero's abilities submenu | 9 |  | 
| Give item / drop item | 1 |  | 
| Remove unit from queue | 3 |  | 
| Right click | 1470 |  | 
| Select / deselect | 313 |  | 
| Select group hotkey | 729 |  | 
| Use ability | 59 |  | 
                2741 total
 » units 
                
                | Wisp | 28 |  | 
| Archer | 25 |  | 
| Hippogryph | 9 |  | 
                62 total
 » upgrades
                
                | Strength of the Moon | 3 |  | 
| Moon Armor | 4 |  | 
| Improved Bows | 1 |  | 
| Nature's Blessing | 1 |  | 
| Hippogryph Taming | 1 |  | 
| Marksmanship | 1 |  | 
| Ultravision | 1 |  | 
| Well Spring | 2 |  | 
                14 total
 » buildings
                
                | Moon Well | 13 |  | 
| Ancient of War | 2 |  | 
| Altar of Elders | 3 |  | 
| Hunter's Hall | 1 |  | 
| Tree of Life | 3 |  | 
| Tree of Ages | 1 |  | 
| Ancient Protector | 4 |  | 
| Ancient of Wonders | 1 |  | 
| Tree of Eternity | 1 |  | 
| Ancient of Wind | 2 |  | 
                31 total
 » build order
                00:22 Moon Well
01:13 Ancient of War
01:21 Altar of Elders
01:31 Moon Well
02:08 Ancient of War
02:14 Moon Well
02:49 Moon Well
04:25 Hunter's Hall
05:57 Tree of Life
06:25 Tree of Ages
06:46 Ancient Protector
07:29 Ancient of Wonders
07:34 Ancient Protector
08:37 Moon Well
10:43 Tree of Eternity
11:51 Ancient of Wind
11:58 Ancient of Wind
12:35 Moon Well
14:27 Moon Well
14:44 Altar of Elders
14:56 Moon Well
15:38 Moon Well
16:13 Moon Well
18:49 Tree of Life
18:59 Moon Well
19:02 Altar of Elders
21:01 Moon Well
21:03 Moon Well
24:21 Tree of Life
24:24 Ancient Protector
24:25 Ancient Protector
» items
                
                | Scroll of Town Portal | 3 |  | 
| Moonstone | 2 |  | 
| Potion of Healing | 2 |  | 
| Scroll of Protection | 1 |  | 
| Potion of Lesser Invulnerability | 1 |  | 
| Scroll of Healing | 1 |  | 
                10 total
  
               
              
              
teplej_mroz (
purple | 54 APM | 1337 actions | 24:48)
              
 6 Keeper of the Grove 
 3 Entangling Roots
 2 Force of Nature
 1 Tranquility
 4 Priestess of the Moon 
 2 Trueshot Aura
 2 Searing Arrows
 
                » actions 
                
                | Assign group hotkey | 55 |  | 
| Basic commands | 29 |  | 
| Build / train | 95 |  | 
| ESC pressed | 4 |  | 
| Enter build submenu | 22 |  | 
| Enter hero's abilities submenu | 10 |  | 
| Right click | 583 |  | 
| Select / deselect | 283 |  | 
| Select group hotkey | 180 |  | 
| Use ability | 76 |  | 
                1337 total
 » units 
                
                | Wisp | 28 |  | 
| Archer | 7 |  | 
| Druid of the Talon | 4 |  | 
| Dryad | 3 |  | 
| Chimaera | 11 |  | 
| Hippogryph | 6 |  | 
                59 total
 » upgrades
                
                | Ultravision | 1 |  | 
| Strength of the Moon | 3 |  | 
| Strength of the Wild | 4 |  | 
| Druid of the Talon Training | 1 |  | 
| Abolish Magic | 1 |  | 
| Reinforced Hides | 3 |  | 
| Corrosive Breath | 1 |  | 
                14 total
 » buildings
                
                | Altar of Elders | 1 |  | 
| Moon Well | 7 |  | 
| Ancient of War | 1 |  | 
| Hunter's Hall | 1 |  | 
| Ancient of Wonders | 2 |  | 
| Tree of Ages | 1 |  | 
| Tree of Life | 1 |  | 
| Ancient Protector | 3 |  | 
| Ancient of Wind | 1 |  | 
| Ancient of Lore | 1 |  | 
| Tree of Eternity | 1 |  | 
| Chimaera Roost | 3 |  | 
                23 total
 » build order
                00:18 Altar of Elders
00:29 Moon Well
00:49 Ancient of War
01:25 Moon Well
01:48 Moon Well
03:01 Hunter's Hall
03:11 Ancient of Wonders
03:21 Moon Well
04:33 Tree of Ages
05:27 Tree of Life
07:01 Ancient Protector
07:02 Ancient Protector
07:38 Ancient Protector
09:45 Ancient of Wind
09:48 Ancient of Lore
10:19 Tree of Eternity
10:49 Moon Well
13:15 Chimaera Roost
13:19 Chimaera Roost
14:06 Chimaera Roost
16:28 Moon Well
16:32 Moon Well
21:07 Ancient of Wonders
» items
                
                | Scroll of Town Portal | 5 |  | 
| Orb of Venom | 1 |  | 
| Staff of Preservation | 1 |  | 
                7 total
  
               team 2 (loser) 
              
              
» 
............. (
blue | 102 APM | 884 actions | 08:39)
              
 2 Keeper of the Grove 
 1 Entangling Roots
 1 Thorns Aura
 
                » actions 
                
                | Assign group hotkey | 18 |  | 
| Basic commands | 10 |  | 
| Build / train | 26 |  | 
| ESC pressed | 1 |  | 
| Enter build submenu | 12 |  | 
| Enter hero's abilities submenu | 2 |  | 
| Right click | 441 |  | 
| Select / deselect | 125 |  | 
| Select group hotkey | 223 |  | 
| Use ability | 26 |  | 
                884 total
 » units 
                » upgrades
                
                | Ultravision | 1 |  | 
| Strength of the Moon | 1 |  | 
| Moon Armor | 1 |  | 
                3 total
 » buildings
                
                | Altar of Elders | 1 |  | 
| Moon Well | 4 |  | 
| Hunter's Hall | 1 |  | 
| Ancient of War | 3 |  | 
| Tree of Ages | 1 |  | 
                10 total
 » build order
                00:24 Altar of Elders
00:30 Moon Well
01:31 Hunter's Hall
01:49 Ancient of War
01:50 Ancient of War
01:53 Ancient of War
02:07 Moon Well
02:36 Moon Well
05:27 Tree of Ages
05:55 Moon Well
» items
                
                | Boots of Speed | 1 |  | 
| Dust of Appearance | 1 |  | 
                2 total
  
               
              
              
TheKing (
pink | 110 APM | 2680 actions | 24:26)
              
 5 Archmage 
 3 Summon Water Elemental
 2 Brilliance Aura
 3 Mountain King 
 2 Storm Bolt
 1 Bash
 
                » actions 
                
                | Assign group hotkey | 92 |  | 
| Basic commands | 55 |  | 
| Build / train | 104 |  | 
| Enter build submenu | 33 |  | 
| Enter hero's abilities submenu | 9 |  | 
| Give item / drop item | 1 |  | 
| Remove unit from queue | 3 |  | 
| Right click | 956 |  | 
| Select / deselect | 561 |  | 
| Select group hotkey | 761 |  | 
| Use ability | 103 |  | 
                2680 total
 » units 
                
                | Peasant | 17 |  | 
| Footman | 5 |  | 
| Rifleman | 5 |  | 
| Mortar Team | 10 |  | 
| Wisp | 2 |  | 
| Siege Engine | 4 |  | 
| Flying Machine | 7 |  | 
                50 total
 » upgrades
                
                | Gunpowder | 3 |  | 
| Masonry | 1 |  | 
| Lumber Harvesting | 2 |  | 
| Fragmentation Shards | 1 |  | 
| Barrage | 1 |  | 
| Flare | 1 |  | 
| Flak Cannons | 1 |  | 
                10 total
 » buildings
                
                | Altar of Kings | 1 |  | 
| Barracks | 1 |  | 
| Farm | 12 |  | 
| Scout Tower | 10 |  | 
| Arcane Tower | 1 |  | 
| Lumber Mill | 2 |  | 
| Town Hall | 1 |  | 
| Arcane Vault | 1 |  | 
| Keep | 1 |  | 
| Guard Tower | 6 |  | 
| Blacksmith | 1 |  | 
| Castle | 1 |  | 
| Workshop | 3 |  | 
| Moon Well | 1 |  | 
                42 total
 » build order
                00:05 Altar of Kings
00:19 Barracks
00:35 Farm
00:51 Farm
01:28 Scout Tower
01:39 Farm
01:56 Arcane Tower
02:49 Farm
03:20 Lumber Mill
03:26 Lumber Mill
04:01 Town Hall
04:24 Arcane Vault
04:47 Keep
04:57 Scout Tower
04:58 Scout Tower
05:20 Scout Tower
05:20 Scout Tower
05:27 Guard Tower
05:30 Scout Tower
05:53 Guard Tower
06:04 Guard Tower
06:09 Guard Tower
06:15 Blacksmith
06:31 Farm
06:45 Scout Tower
06:46 Scout Tower
06:50 Scout Tower
06:50 Scout Tower
07:16 Castle
07:18 Guard Tower
07:32 Guard Tower
09:09 Workshop
09:10 Workshop
09:34 Workshop
09:57 Farm
09:58 Farm
12:07 Farm
12:07 Farm
12:37 Moon Well
15:48 Farm
17:18 Farm
17:19 Farm
» items
                
                | Scroll of Regeneration | 8 |  | 
| Potion of Healing | 8 |  | 
| Scroll of Town Portal | 5 |  | 
| Orb of Fire | 1 |  | 
                22 total
  
               
              
              
Glayder666 (
teal | 84 APM | 2028 actions | 24:08)
              
 7 Warden 
 3 Fan of Knives
 3 Shadow Strike
 1 Spirit of Vengeance
 
                » actions 
                
                | Assign group hotkey | 32 |  | 
| Basic commands | 2 |  | 
| Build / train | 101 |  | 
| Enter build submenu | 20 |  | 
| Enter hero's abilities submenu | 7 |  | 
| Give item / drop item | 31 |  | 
| Remove unit from queue | 7 |  | 
| Right click | 1212 |  | 
| Select / deselect | 321 |  | 
| Select group hotkey | 94 |  | 
| Use ability | 201 |  | 
                2028 total
 » units 
                
                | Wisp | 16 |  | 
| Dryad | 20 |  | 
| Druid of the Claw | -2 |  | 
                34 total
 » upgrades
                
                | Strength of the Wild | 3 |  | 
| Reinforced Hides | 3 |  | 
| Abolish Magic | 1 |  | 
| Well Spring | 1 |  | 
                8 total
 » buildings
                
                | Altar of Elders | 1 |  | 
| Moon Well | 5 |  | 
| Ancient of Wonders | 2 |  | 
| Tree of Ages | 3 |  | 
| Tree of Life | 2 |  | 
| Hunter's Hall | 2 |  | 
| Ancient of Lore | 3 |  | 
| Ancient of War | 2 |  | 
| Tree of Eternity | 2 |  | 
                22 total
 » build order
                00:10 Altar of Elders
00:16 Moon Well
00:23 Ancient of Wonders
01:30 Moon Well
02:21 Moon Well
03:09 Tree of Ages
03:09 Tree of Ages
03:10 Tree of Ages
03:39 Tree of Life
04:05 Hunter's Hall
05:05 Hunter's Hall
06:24 Ancient of Lore
06:28 Ancient of Lore
07:20 Ancient of Lore
08:05 Tree of Life
08:45 Ancient of War
08:50 Ancient of War
10:13 Moon Well
10:14 Moon Well
13:10 Tree of Eternity
13:11 Tree of Eternity
19:45 Ancient of Wonders
» items
                
                | Lesser Clarity Potion | 11 |  | 
| Moonstone | 2 |  | 
| Circlet of Nobility | 11 |  | 
| Potion of Lesser Invulnerability | 3 |  | 
| Potion of Healing | 4 |  | 
| Orb of Venom | 2 |  | 
| Scroll of Town Portal | 1 |  | 
| Scroll of Regeneration | 1 |  | 
                35 total
  
               
              
              
Cultist (
red | 30 APM | 742 actions | 24:48)
              
                » actions 
                
                | Assign group hotkey | 18 |  | 
| Basic commands | 14 |  | 
| Build / train | 117 |  | 
| Enter build submenu | 48 |  | 
| Remove unit from queue | 1 |  | 
| Right click | 203 |  | 
| Select / deselect | 240 |  | 
| Select group hotkey | 31 |  | 
| Use ability | 70 |  | 
                742 total
 » units 
                
                | Acolyte | 20 |  | 
| Ghoul | 9 |  | 
| Gargoyle | 13 |  | 
                42 total
 » upgrades
                
                | Creature Attack | 3 |  | 
| Creature Carapace | 3 |  | 
| Stone Form | 1 |  | 
                7 total
 » buildings
                
                | Graveyard | 1 |  | 
| Ziggurat | 54 |  | 
| Crypt | 4 |  | 
| Nerubian Tower | 2 |  | 
| Spirit Tower | 63 |  | 
| Necropolis | 1 |  | 
| Halls of the Dead | 1 |  | 
| Altar of Darkness | 1 |  | 
| Tomb of Relics | 1 |  | 
| Black Citadel | 1 |  | 
                129 total
 » build order
                00:59 Graveyard
01:15 Ziggurat
01:31 Ziggurat
01:43 Crypt
02:25 Ziggurat
02:37 Nerubian Tower
04:25 Spirit Tower
04:40 Necropolis
05:48 Ziggurat
05:48 Ziggurat
05:50 Ziggurat
05:50 Ziggurat
05:51 Ziggurat
05:52 Ziggurat
07:06 Spirit Tower
07:21 Spirit Tower
07:21 Spirit Tower
07:21 Spirit Tower
07:21 Spirit Tower
07:25 Spirit Tower
07:25 Spirit Tower
07:25 Spirit Tower
07:25 Spirit Tower
07:43 Ziggurat
07:45 Ziggurat
08:19 Ziggurat
08:22 Ziggurat
08:24 Ziggurat
08:29 Ziggurat
08:40 Spirit Tower
08:40 Spirit Tower
08:40 Spirit Tower
08:41 Spirit Tower
08:47 Spirit Tower
08:47 Spirit Tower
09:19 Spirit Tower
09:30 Spirit Tower
09:53 Ziggurat
10:11 Ziggurat
10:55 Spirit Tower
11:04 Spirit Tower
11:29 Ziggurat
11:35 Ziggurat
11:36 Ziggurat
11:40 Ziggurat
11:42 Ziggurat
11:45 Ziggurat
11:48 Ziggurat
11:53 Ziggurat
11:57 Ziggurat
12:01 Ziggurat
12:04 Ziggurat
12:27 Spirit Tower
12:27 Spirit Tower
12:27 Spirit Tower
12:28 Spirit Tower
12:30 Spirit Tower
12:30 Spirit Tower
12:30 Spirit Tower
12:30 Spirit Tower
12:33 Spirit Tower
12:33 Spirit Tower
12:33 Spirit Tower
12:33 Spirit Tower
12:38 Spirit Tower
12:46 Spirit Tower
12:46 Spirit Tower
12:46 Spirit Tower
12:47 Spirit Tower
12:51 Spirit Tower
12:52 Spirit Tower
12:52 Spirit Tower
12:58 Spirit Tower
12:59 Spirit Tower
12:59 Spirit Tower
12:59 Spirit Tower
13:09 Spirit Tower
13:14 Spirit Tower
13:58 Ziggurat
14:00 Ziggurat
14:01 Ziggurat
14:03 Ziggurat
14:04 Ziggurat
14:05 Ziggurat
14:07 Ziggurat
14:08 Ziggurat
14:59 Spirit Tower
15:00 Spirit Tower
15:02 Spirit Tower
15:06 Ziggurat
15:08 Ziggurat
15:10 Ziggurat
15:11 Ziggurat
15:12 Ziggurat
15:13 Ziggurat
15:14 Ziggurat
15:42 Ziggurat
15:44 Ziggurat
15:45 Ziggurat
15:46 Ziggurat
16:01 Ziggurat
16:03 Ziggurat
16:03 Ziggurat
16:03 Ziggurat
16:04 Ziggurat
16:04 Ziggurat
16:05 Ziggurat
17:19 Crypt
17:21 Crypt
17:21 Crypt
17:25 Halls of the Dead
17:27 Spirit Tower
17:42 Spirit Tower
17:42 Spirit Tower
17:42 Spirit Tower
17:43 Spirit Tower
17:45 Nerubian Tower
20:01 Altar of Darkness
21:12 Tomb of Relics
21:21 Black Citadel
21:39 Spirit Tower
21:44 Spirit Tower
 
                Chat log
          (00:31 / Allies) Glayder666: me cc fast
(04:10 / Allies) .............: red
(04:11 / Allies) .............: ???
(04:19 / Allies) Cultist: thx
(05:06 / Allies) Cultist: thx!
(08:25 / Allies) .............: u guys
(08:28 / Allies) .............: just go play
(08:29 / Allies) .............: another game
(08:30 / Allies) .............: rly
(08:38 / All) .............: having fun alone in rt
(09:08 / All) Cultist: stop noob Im not ready!
(10:50 / Allies) Cultist: wtf tk!
(10:53 / All) ZuAltfuerWC3: gg...
(10:55 / Allies) TheKing: stfu red
(10:59 / Allies) Glayder666: RED::
(24:47 / All) Cultist: gg noob allies